 Dungeon Crawl Stone Soup version 0.31-a0-237-g2d982f9f85 (webtiles) character file.

Game seed: 816092774623139700

13 qw the Shooter (level 2, 0/16 HPs)
             Began as a Gargoyle Hexslinger on July 10, 2023.
             Slain by a hobgoblin (2 damage)
             ... on level 1 of the Dungeon.
             The game lasted 00:00:06 (93 turns).

qw the Shooter (Gargoyle Hexslinger)                  Turns: 93, Time: 00:00:06

Health: 0/16       AC:  4    Str: 11    XL:     2   Next: 37%
Magic:  3/3        EV: 12    Int: 13    God:
Gold:   12         SH:  0    Dex: 12    Spells: 2/3 levels left

rFire   . . .        a - +1 sling
rCold   . . .        (no shield)
rNeg    + . .        c - +0 robe
rPois   inf          (no helmet)
rElec   +            (no cloak)
rCorr   .            (no gloves)
SInv    .            (no boots)
Will    .....        (no amulet)
Stlth   +            (no ring)
HPRegen 0.22/turn    (no ring)
MPRegen 0.08/turn

%: no passive effects
@: no status effects
A: sickness immunity, AC +2, negative energy resistance 1, electricity
resistance, torment resistance 1, petrification resistance
a: no special abilities


You were on level 1 of the Dungeon.
You visited 1 branch of the dungeon, and saw 1 of its levels.

You collected 12 gold pieces.


Innate Abilities, Weirdness & Mutations

You are immune to sickness and miasma.
Your stone body is resilient. (AC +2)
You are immune to poison.
You resist negative energy. (rN+)
You are resistant to electric shocks. (rElec)
You are resistant to unholy torment.
You are immune to petrification.


   Skills:
 + Level 1.1 Fighting
 - Level 3.0 Ranged Weapons
 - Level 1.5 Dodging
 - Level 1.0 Spellcasting
 - Level 2.6 Hexes


You had 2 spell levels left.
You knew the following spells:

 Your Spells              Type           Power      Damage    Failure   Level
a - Slow                  Hex            28%        N/A       10%         1

Your spell library contained the following spells:

 Spells                   Type           Power      Damage    Failure   Level
 Inner Flame              Hex/Fire       4%         N/A       43%         3
 Portal Projectile        Hex/Tloc       8%         N/A       43%         3
 Cause Fear               Hex            3%         N/A       67%         4

Inventory:

Hand Weapons
 a - a +1 sling (weapon)
Armour
 c - a +0 robe (worn)
Scrolls
 b - a scroll of poison
Potions
 d - a potion of ambrosia {unknown}

Dungeon Overview and Level Annotations

Branches:
Dungeon (1/15)

Altars:


Message History

The sling bullet closely misses the kobold.
The hobgoblin shouts!
The bat hits you but does no damage. The kobold barely misses you.
The bat barely misses you.
The kobold hits you with a +0 short sword.
You shoot a sling bullet.
The sling bullet barely misses the kobold.
The bat misses you.
A bat comes into view.
The kobold hits you with a +0 short sword.
You shoot a sling bullet.
The sling bullet hits the kobold but does no damage.
The bat barely misses you. The kobold barely misses you.
You shoot a sling bullet. The sling bullet hits the bat.
You kill the bat!
The bat misses you.
The kobold hits you with a +0 short sword.
Your Ranged Weapons skill increases to level 3!
You shoot a sling bullet.
The sling bullet barely misses the hobgoblin.
The bat hits you but does no damage. The bat closely misses you.
The kobold hits you with a +0 short sword.
The hobgoblin hits you. The bat completely misses you.
The kobold hits you but does no damage.
You shoot a sling bullet.
The sling bullet hits the hobgoblin but does no damage.
The bat closely misses you. The hobgoblin completely misses you.
The kobold barely misses you.
You shoot a sling bullet. The sling bullet hits the hobgoblin.
The hobgoblin is lightly wounded.
The bat barely misses you. The hobgoblin hits you.
The bat hits you but does no damage.
The kobold hits you with a +0 short sword.
The hobgoblin hits you but does no damage.
You shoot a sling bullet.
The sling bullet barely misses the hobgoblin.
The bat closely misses you. The bat hits you but does no damage.
The kobold hits you but does no damage. The bat closely misses you.
The hobgoblin hits you.
You die...

#>....)#......#
#......#......#
##
#......#......##
...
#......#.......#
....
############...#
.....
#...##......
#...........
#..###......
#.@# .....
#Kbg........
......#......
.......... ....
~..........## .
~....#.$.#..
~....#.....#.
.....#...###..


You could see a hobgoblin, a bat and a kobold.

Vanquished Creatures
  A dart slug (D:1)
  2 bats (D:1)
  An endoplasm (D:1)
  A giant cockroach (D:1)
  2 goblins (D:1)
  2 kobolds (D:1)
9 creatures vanquished.

Notes
Turn   | Place    | Note
-------+----------+-------------------------------------------
     0 | D:1      | qw the Gargoyle Hexslinger began the quest for the Orb.
     0 | D:1      | Reached XP level 1. HP: 12/12 MP: 2/2
     0 | D:1      | 0 ||| qw: Version: 0.3-a-52-g30416fa
     0 | D:1      | 0 ||| qw: Game counter: 5038
     0 | D:1      | 0 ||| qw: Melee chars always use a shield: true
     0 | D:1      | 0 ||| qw: God list: Okawaru
     0 | D:1      | 0 ||| qw: Allow faded altars: false
     0 | D:1      | 0 ||| qw: Do Orc after clearing Dungeon:15 true
     0 | D:1      | 0 ||| qw: Do second Lair branch before Depths: true
     0 | D:1      | 0 ||| qw: Lair rune preference: random
     0 | D:1      | 0 ||| qw: Goals: Normal
     0 | D:1      | 0 ||| PLANNING D:1-11
    79 | D:1      | Reached XP level 2. HP: 16/16 MP: 3/3
    90 | D:1      | Reached skill level 3 in Ranged Weapons
    90 | D:1      | HP: 3/16 [hobgoblin (2)]
    92 | D:1      | HP: 1/16 [kobold/+0 short sword (1)]
    93 | D:1      | Slain by a hobgoblin

Levels and vault maps discovered:
D:1:      eino_arrival_water_cross, layout_rooms, hex_large,
          serial_park_tiny_pond, minmay_hexomino_r4

Skill      XL: |  1  2 |
---------------+-------+-----
Ranged Weapons | 3 |  3.0
Fighting       | |  1.1
Dodging        | |  1.5
Spellcasting   | |  1.0
Hexes          | |  2.6

Action                     || total
---------------------------++-------
   Fire: Sling             ||    37
 Armour: Robe              ||    14
  Dodge: Dodged            ||    25

Table legend:
 A = Non-vault XP
 B = Vault XP
 C = Vault XP percentage of total XP
 D = Non-vault monster count
 E = Vault monster count
 F = Vault count percentage of total count
                 A         B        C        D         E       F
            +---------+---------+-------+---------+---------+-------
      Total |      15 |       4 |  21.1 |       8 |       1 |  11.1
            +---------+---------+-------+---------+---------+-------
        D:1 |      15 |       4 |  21.1 |       8 |       1 |  11.1
            +---------+---------+-------+---------+---------+-------
